cohdb
Replays
Latest Replays
All Replays
Popular Replays
Top Player Replays
Match Explorer
How It Works
Community
CoH3 Stats
Reddit
Sign in to upload your games and track your stats! →
Sign in with Steam
Match 36486585
Unlisted
Match 36486585
Overview
Messages
Build Orders
End
Selects Armored Battlegroup
Selects Assault Engineers
Assault Engineer Squad
Assault Engineer Squad
Construct Weapon Support Center
Bazooka Squad
M1919 Machine Gun Team
Assault Engineer Squad
Construct Medical Station
Improved M9 Bazooka Rockets
Infantry Support Center
Selects Fast Deploy
M1919 Machine Gun Team
Selects M8 Scott SPG
M8 Scott SPG
M1919 Machine Gun Team
Bazooka Squad
Construct Tank Depot
Bazooka Squad
Captain Retinue
Selects UNKNOWN (2160077)
Selects M31 Recovery Vehicle
Assault Engineer Squad
M4A3E8 Sherman Easy Eight
DanRegi
nacke
Yaas
chiwanghao
Abeli
Camel
0
0
Comments
sign in to comment!
No comments posted yet!